 Dungeon Crawl Stone Soup version 0.28.0 (webtiles) character file.

Game seed: 13698150885198795590

339542 jfcaron the Planerender (level 21, -10/155 (164) HPs)
             Began as a Barachi Summoner on Feb 16, 2022.
             Was the Champion of Hepliaklqana.
             Mangled by a vampire knight (16 damage)
             ... on level 1 of the Crypt.
             The game lasted 03:24:37 (61856 turns).

jfcaron the Planerender (Barachi Summoner)         Turns: 61856, Time: 03:24:37

HP:   -10/155 (164) AC: 35    Str: 13    XL:     21   Next: 96%
MP:   4/31          EV: 30    Int: 29    God:    Hepliaklqana [******]
Gold: 2449          SH:  0    Dex: 10    Spells: 5/34 levels left

rFire   + + +      SeeInvis .   U - +11 plutonium sword {Contam Stlth-}
rCold   + + .      Faith    .   (shield currently unavailable)
rNeg    + . .      Spirit   .   r - +7 Kryia's mail coat {PotionHeal*2 rC+}
rPois   +          Reflect  .   W - +1 helmet "Rorghaor" {rC+ Int+6}
rElec   .          Harm     .   a - +2 cloak {Will+}
rCorr   .          Rampage  .   V - +2 pair of gloves
Will    +....                   D - +2 pair of boots {Fly}
Stlth   ..........              L - amulet "Nohod" {Acrobat rF++ rN+ Will+ Dex-3}
HPRegen 0.35/turn               m - ring "Moorah" {rPois rF+ AC+4}
MPRegen 0.22/turn               X - +4 ring of evasion

@: weak-willed, forested, unable to hop, acrobatic, flying, studying Evocations,
drained, slow
A: reduced essence, amphibious, slowness 1, strong legs 2, +LOS, iridescent
scales 1
}: 2/15 runes: decaying, gossamer
a: Hop, Renounce Religion, Recall Ancestor, Ancestor Identity, Transference,
Idealise


You were on level 1 of the Crypt.
You worshipped Hepliaklqana.
Hepliaklqana was exalted by your worship.
You visited 8 branches of the dungeon, and saw 38 of its levels.
You also visited: Trove, Bailey, Gauntlet and Ice Cave.

You collected 4721 gold pieces.
You spent 2272 gold pieces at shops.

Inventory:

Hand Weapons
 U - the +11 plutonium sword (weapon) {Contam Stlth-}
   (You bought it in a shop on level 8 of the Dungeon)

   It occasionally inflicts wild transmutation effects on those it strikes,
   inflicting malmutation or extra damage, or polymorphing them into a new form.
   Contam:    It causes magical contamination when unequipped.
   Stlth:     It makes you less stealthy.
Missiles
 d - 7 silver javelins {!f}
 Z - 14 curare-tipped darts {!f}
Armour
 a - a +2 cloak of willpower (worn)
 r - the +7 Kryia's mail coat (worn) {PotionHeal*2 rC+}
   (You found it on level 9 of the Dungeon)

   Potions are twice as effective at healing its wearer.
   rC:        It protects you from cold.
 D - a +2 pair of boots of flying (worn)
 V - a +2 pair of gloves (worn)
 W - the +1 helmet "Rorghaor" (worn) {rC+ Int+6}
   (You found it in an ice cave)

   Int:       It affects your intelligence (+6).
   rC:        It protects you from cold.
Jewellery
 m - the ring "Moorah" (left hand) {rPois rF+ AC+4}
   (You acquired it on level 4 of the Lair of Beasts)

   [ring of protection]

   AC:        It affects your AC (+4).
   rF:        It protects you from fire.
   rPois:     It protects you from poison.
 A - a ring of see invisible
 H - a ring of willpower
 L - the amulet "Nohod" (around neck) {Acrobat rF++ rN+ Will+ Dex-3}
   (You found it on level 6 of the Lair of Beasts)

   [amulet of the acrobat]

   It increases your evasion while moving and waiting.
   Dex:       It affects your dexterity (-3).
   rF:        It greatly protects you from fire.
   rN:        It protects you from negative energy.
   Will:      It increases your willpower.
 X - a +4 ring of evasion (right hand)
Wands
 g - a wand of mindburst (20)
 i - a wand of acid (7)
 k - a wand of polymorph (29)
 z - a wand of charming (5)
 J - a wand of paralysis (43)
 R - a wand of iceblast (21)
 T - a wand of digging (44)
Scrolls
 e - 12 scrolls of teleportation
 l - 2 scrolls of vulnerability
 s - 10 scrolls of blinking
 t - 4 scrolls of summoning
 u - 6 scrolls of amnesia
 v - 2 scrolls of enchant armour
 x - 7 scrolls of fog
 B - a scroll of holy word
 K - a scroll of magic mapping
 N - 3 scrolls of silence
 S - 3 scrolls of immolation
Potions
 b - 2 potions of magic
 f - 4 potions of brilliance
 j - 5 potions of invisibility
 o - 4 potions of resistance
 w - 8 potions of lignification
 C - a potion of cancellation
 E - 12 potions of curing
 F - 5 potions of berserk rage
 G - 6 potions of attraction
 I - 5 potions of haste
 M - 13 potions of ambrosia
 P - 7 potions of heal wounds
 Q - 8 potions of might
 Y - 4 potions of mutation
Miscellaneous
 c - a lightning rod (3/4)
 h - a phial of floods (inert)
 n - a phantom mirror
 p - a box of beasts (inert)
 y - a condenser vane (inert)
 O - a tin of tremorstones (2/2)


   Skills:
 - Level 20.0 Fighting
 + Level 21.6 Long Blades
 - Level 11.0 Armour
 - Level 7.0 Dodging
 - Level 1.7 Stealth
 - Level 5.0 Shields
 - Level 7.0 Spellcasting
 - Level 6.0 Hexes
 O Level 27 Summonings
 - Level 6.0 Translocations
 - Level 4.0 Air Magic
 - Level 5.0 Invocations
 * Level 13.0 Evocations


You had 5 spell levels left.
You knew the following spells:

 Your Spells              Type           Power      Damage    Failure   Level
a - Summon Small Mammal   Summ           100%       N/A       0%          1
b - Call Imp              Summ           100%       N/A       0%          2
c - Call Canine Familiar  Summ           100%       N/A       0%          3
d - Summon Guardian Gole  Hex/Summ       82%        N/A       1%          3
e - Summon Lightning Spi  Summ/Air       79%        N/A       1%          4
f - Summon Cactus Giant   Summ           52%        N/A       1%          6
g - Summon Mana Viper     Hex/Summ       82%        N/A       1%          5
h - Summon Forest         Summ/Tloc      41%        N/A       1%          5

Your spell library contained the following spells:

 Spells                   Type           Power      Damage    Failure   Level
 Animate Armour           Summ/Erth      100%       N/A       1%          4
 Portal Projectile        Hex/Tloc       88%        N/A       4%          3
 Tukima's Dance           Hex            44%        N/A       4%          3
 Ensorcelled Hibernation  Hex/Ice        54%        N/A       8%          2
 Corpse Rot               Necr/Air       42%        N/A       11%         2
 Passage of Golubria      Tloc           44%        N/A       14%         4
 Animate Skeleton         Necr           20%        N/A       17%         1
 Beastly Appendage        Tmut           20%        N/A       17%         1
 Magic Dart               Conj           40%        1d5       17%         1
 Pain                     Necr           40%        1d6       17%         1
 Wereblood                Tmut           10%        N/A       26%         2
 Mephitic Cloud           Conj/Pois/Air  17%        N/A       30%         3
 Anguish                  Hex/Necr       13%        N/A       43%         4
 Leda's Liquefaction      Hex/Erth       13%        N/A       43%         4
 Ignite Poison            Fire/Tmut/Pois 10%        N/A       45%         3
 Spider Form              Tmut/Pois      10%        N/A       45%         3
 Vampiric Draining        Necr           10%        2d6       45%         3
 Yara's Violent Unravell  Hex/Tmut       13%        3d7       80%         5
 Dispel Undead            Necr           10%        3d9       86%         4
 Ice Form                 Ice/Tmut       10%        N/A       86%         4
 Olgreb's Toxic Radiance  Pois           10%        N/A       86%         4
 Lightning Bolt           Conj/Air       10%        1d23      90%         5
 Freezing Cloud           Conj/Ice/Air   8%         6-21      95%         5
 Blade Hands              Tmut           5%         N/A       99%         5
 Irradiate                Conj/Tmut      5%         3d15      99%         5
 Death Channel            Necr           5%         N/A       100%        6
 Iron Shot                Conj/Erth      5%         9d2       100%        6
 Simulacrum               Ice/Necr       5%         N/A       100%        6
 Orb of Destruction       Conj           5%         9d5       100%        7
 Ozocubu's Refrigeration  Ice            5%         4d6       100%        7
 Ignition                 Fire           5%         3d4       100%        8
 Polar Vortex             Ice            5%         N/A       100%        9


Dungeon Overview and Level Annotations

Branches:
Dungeon (15/15)            Temple (0/1) D:5            Lair (6/6) D:10
  Swamp (4/4) Lair:3       Spider (4/4) Lair:4        Slime (0/5) Lair:6
    Orc (2/2) D:9             Elf (2/3) Orc:2        Vaults (4/5) D:13
  Crypt (1/3) Vaults:2     Depths (0/4) D:15         Bailey (visited)
  IceCv (visited)         Gauntlet (visited)

Altars:
Dithmenos
Gozag
Hepliaklqana
Kikubaaqudgha
Okawaru
Sif Muna
Uskayaw
Xom
Yredelemnul
Zin
Beogh
Lugonu

Shops:
D:4 (   D:8 *   D:13 !   Orc:2 [=?*   Elf:1 (   Vaults:3 [

Portals:
Abyss: Lair:6

Annotations:
D:11 2 transporters, ju1c3's ghost, journeyman DrCj
D:12 3 runed translucent doors, Acetwo5's ghost, journeyman MiFi
Lair:5 1 runed translucent door, browni3141's ghost, journeyman MiBe
Spider:3 1 transporter, Cumep's ghost, adept DsMo
Orc:2 3 runed translucent doors, Forgeling's ghost, journeyman MiAK
Elf:1 3 runed translucent doors, Qiokh's ghost, veteran MiBe
Elf:2 5 runed translucent doors
Vaults:2 36 runed doors, exclusion: 9 doors, foobar1000's ghost, veteran SpHu


Innate Abilities, Weirdness & Mutations

Your life essence is reduced to manifest your ancestor. (-10% HP)
You are amphibious.
You cover ground slowly.
You can hop long distances.
You have an extended range of vision and can be seen from far away.
You are partially covered in iridescent scales. (AC +2)


Message History

Trunks creak and shift.
The vampire mage is waved at by a branch.
Something hits you!
* * * LOW HITPOINT WARNING * * *
The ancient champion splashes around in the water.
The vampire mage casts a spell.
Your dryad hits the ancient champion but does no damage.
Something hits you!!
* * * LOW HITPOINT WARNING * * *
Your mature stingfire beast hits the vampire mage but does no damage.
Your mature stingfire beast stings the vampire mage!
The vampire mage is destroyed!
You hear a splash.
The vampire disappears in a puff of smoke!
The caustic shrike skeleton disappears in a puff of smoke!
The freezing wraith disappears in a puff of smoke!
The spectral caustic shrike disappears in a puff of smoke!
Your cactus giant hits the phantasmal warrior with a +0 giant spiked club!
The phantasmal warrior hits you but does no damage.
The ancient champion gestures at you while chanting.
The iron shot hits you!!
* * * LOW HITPOINT WARNING * * *
Your Evocations skill increases to level 13!
Unknown command.
Hop to where?
Press: ? - help, Dir - move target, p - ancient champion Boing!
The ancient champion hits your dryad with a +1 great mace!!
Your dryad splashes around in the water.
Your mature stingfire beast hits the ancient champion but does no damage.
Your mature stingfire beast barely misses the ancient champion.
Unknown command.
Okay, then.
The phantasmal warrior gestures at you.
The phantasmal warrior blinks!
Unknown command.
A root smacks the phantasmal warrior from below!
Your dryad hits the ancient champion but does no damage.
Something hits you!
You die...

#..####♣#?....≈.§♣#♣♣..#
#......♣'♣....≈≈≈≈'....#
#.......'...C.§z≈['....#
#####..#♣.....≈≈≈[♣♣#♣.###
#..#♣.....zR.♣♣ #.....
#..##...♣...♣# ####..
#..#♣.W....## #..
##..♣#.....## #..
#....'@...♣♣ #..
#...♣♣..♣## ###''
#..?###### ##.... #...#
##..... #...# ##......
#...# #....... ##..#
#....... #..# #.......
#..# #.......


You could see an ancient champion (fast, ally target), a phantasmal warrior
(ally target), a friendly dryad (summoned) and a friendly cactus giant
(summoned).

Vanquished Creatures
  Frederick (Vaults:4)
  Bai Suzhen (Swamp:3)
  Saint Roka (Orc:2)
  Nikola (Swamp:3)
  Arachne (Spider:2)
  A lich (Crypt:1)
  A sphinx (Vaults:3)
  Frances (D:12)
  Kirke (D:14)
  A thorn hunter (Swamp:2)
  A storm dragon (Vaults:3)
  2 revenants (Crypt:1)
  A fire giant (Vaults:3)
  6 ghost moths
  3 frost giants
  7 emperor scorpions
  9 vault wardens
  Aizul (Swamp:2)
  Louise (Swamp:4)
  3 orc warlords
  A curse skull (Crypt:1)
  4 ghouls
  4 war gargoyles
  A very ugly thing (Vaults:3)
  14 ironbound preservers
  A broodmother (Spider:2)
  2 stone giants (Vaults:3)
  5 ironbound thunderhulks
  6 eleionomae
  2 vampire knights (Crypt:1)
  2 deep elf demonologists
  An eleionoma (shapeshifter) (D:15)
  A white draconian (IceCv)
  A bunyip (Swamp:4)
  A deep elf death mage (Crypt:1)
  9 dire elephants
  6 eidola (Crypt:1)
  7 entropy weavers
  2 spark wasps (Spider:4)
  A minotaur (Gauntlet)
  An ettin (Spider:4)
  A fire dragon (shapeshifter) (Lair:6)
  3 shambling mangroves
  A fire dragon (D:9)
  9 yaktaur captains
  4 crystal guardians
  3 jiangshi (Crypt:1)
  An elf zombie (Crypt:1)
  Fannar (D:11)
  2 great orbs of eyes
  Erolcha (D:10)
  2 deep elf high priests
  5 peacekeepers
  6 boulder beetles
  A rakshasa (D:15)
  11 vault guards
  13 hydras
  11 ironbound frosthearts
  A spriggan zombie (Crypt:1)
  6 ogre magi
  An ice dragon (Spider:4)
  A jorogumo (Spider:2)
  2 radroaches
  2 catoblepae
  A death knight (D:14)
  7 alligators
  7 dancing weapons
  A ghost crab (Swamp:2)
  8 centaur warriors
  22 two-headed ogres
  A fenstrider witch skeleton (Crypt:1)
  10 death yaks (Lair:6)
  2 deep troll earth magi (Vaults:3)
  3 tengu warriors
  3 thrashing horrors (Lair:6)
  4 vampire magi (Crypt:1)
  2 soul eaters (Crypt:1)
  4 deep elf knights (Elf:2)
  A sun moth (Spider:2)
  10 pharaoh ants
  6 goliath frogs
  20 deep trolls
  A skeletal warrior (D:14)
  5 orb spiders
  3 spriggan druids
  5 steelbarb worms
  3 bog bodies
  An orange crystal statue (IceCv)
  A death drake (shapeshifter) (Vaults:3)
  15 ironbound convokers
  11 wizards
  14 swamp dragons
  A necromancer (Crypt:1)
  7 orc knights
  Pikel (D:5)
  6 phantasmal warriors
  9 lindwurms
  11 deep elf zephyrmancers
  3 deep elf archers (Elf:2)
  A harpy (shapeshifter) (Lair:6)
  7 deep elf pyromancers
  A manticore (D:15)
  22 wolf spiders
  10 cyclopes
  5 orc sorcerers
  4 moths of wrath
  51 ugly things
  6 will-o-the-wisps
  A moth of wrath (shapeshifter) (Vaults:3)
  A guardian serpent (shapeshifter) (Elf:2)
  10 vault sentinels
  6 elephants (Lair:6)
  4 black mambas
  A stone giant skeleton (Crypt:1)
  A smoke demon (Lair:6)
  2 torpor snails
  2 gargoyles
  12 cane toads
  7 komodo dragons
  An alligator snapping turtle zombie (Crypt:1)
  4 demonic crawlers
  18 rime drakes
  4 nameless horrors
  An unseen horror (D:13)
  2 kobold demonologists
  An efreet (Gauntlet)
  22 yaktaurs
  6 freezing wraiths
  A swamp worm zombie (Crypt:1)
  2 tengu conjurers (D:13)
  A pale draconian skeleton (Crypt:1)
  2 ancient zymes (Lair:6)
  A komodo dragon (shapeshifter) (D:15)
  A queen bee (Lair:2)
  7 trolls
  14 hornets
  A meliai (D:13)
  18 polar bears
  4 bloated husks
  8 tyrant leeches
  25 slime creatures
  21 tarantellas
  5 dream sheep (Lair:5)
  A raiju (shapeshifter) (Lair:6)
  32 blink frogs
  17 jumping spiders
  21 culicivoras
  A water elemental (Elf:1)
  A yak (shapeshifter) (Elf:1)
  6 spriggans
  51 yaks
  3 air elementals
  7 wyverns
  15 basilisks
  5 wraiths
  2 hogs (D:14)
  A vampire (D:10)
  5 fire elementals
  8 vampire mosquitoes
  58 redbacks
  2 chaos spawn (Lair:6)
  2 steam dragons
  2 acid dragons
  A warg (Orc:2)
  18 swamp worms
  20 water moccasins
  A floating eye (Vaults:3)
  3 hell hounds (Gauntlet)
  8 swamp drakes
  18 orc warriors
  66 hexers
  4 ice beasts
  A sky beast (shapeshifter) (Lair:6)
  25 ogres
  A necrophage (D:5)
  14 wolves
  7 boggarts
  7 centaurs
  4 lemures (D:5)
  12 small abominations (Lair:6)
  4 kobold brigands
  9 bullfrogs
  2 gnoll sergeants
  2 earth elementals (Elf:2)
  A wyvern zombie (D:9)
  3 scorpions
  42 killer bees
  5 wights (D:7)
  7 howler monkeys
  3 electric eels
  A lava snake (Lair:3)
  5 hounds
  4 centaur zombies
  12 orc priests
  A bullfrog skeleton (Crypt:1)
  2 centaur skeletons (D:7)
  2 gnoll shamans
  4 jellies
  2 iguanas
  14 orc wizards
  A scorpion zombie (D:5)
  2 killer bee zombies (D:6)
  A naga skeleton (Crypt:1)
  2 hound skeletons (D:4)
  4 howler monkey zombies
  30 gnolls
  3 adders
  3 shadow imps
  5 white imps
  An ufetubus (D:5)
  3 worms (D:2)
  3 dart slugs
  86 orcs
  4 endoplasms
  6 giant cockroaches
  6 goblins
  5 hobgoblins (D:1)
  4 jackals (D:1)
  23 kobolds
  4 quokkas
  An ancestor (D:2)
  3 ball pythons
  8 bats
  3 frilled lizards
  6 rats
  13 foxfires
  39 fungi
  94 plants
  11 snaplasher vines
1686 creatures vanquished.

Notes
Turn   | Place    | Note
-------+----------+-------------------------------------------
     0 | D:1      | jfcaron the Barachi Summoner began the quest for the Orb.
     0 | D:1      | Reached XP level 1. HP: 13/13 MP: 3/3
    34 | D:1      | Reached skill level 5 in Summonings
    34 | D:1      | Reached XP level 2. HP: 7/19 MP: 0/5
    41 | D:1      | Learned a level 2 spell: Call Imp
   513 | D:1      | Found a faded altar of an unknown god.
   527 | D:1      | Prayed at the altar of an unknown god.
   527 | D:1      | Became a worshipper of Hepliaklqana the Forgotten
   527 | D:1      | Reached * piety under Hepliaklqana
   813 | D:1      | Reached XP level 3. HP: 21/21 MP: 2/7
  1561 | D:2      | Found a glowing silver altar of Zin.
  1629 | D:2      | Learned a level 3 spell: Call Canine Familiar
  1808 | D:2      | Reached XP level 4. HP: 15/27 MP: 5/9
  1890 | D:2      | Learned a level 3 spell: Summon Guardian Golem
  2081 | D:2      | Reached ** piety under Hepliaklqana
  2082 | D:2      | Remembered your ancestor Nozipho as a hexer
  2160 | D:2      | Reached skill level 6 in Summonings
  3018 | D:3      | Reached XP level 5. HP: 28/31 MP: 5/10
  3714 | D:4      | Found Tayj's Antique Weapon Shop.
  3837 | D:4      | Reached skill level 1 in Armour
  3837 | D:4      | Reached XP level 6. HP: 36/36 MP: 5/12
  3845 | D:4      | Reached skill level 7 in Summonings
  4213 | D:5      | Entered Level 5 of the Dungeon
  4228 | D:5      | Learned a level 4 spell: Summon Lightning Spire
  4252 | D:5      | Noticed a necrophage
  4259 | D:5      | Killed a necrophage
  4260 | D:5      | Reached skill level 5 in Spellcasting
  4260 | D:5      | Reached skill level 1 in Air Magic
  4260 | D:5      | Reached XP level 7. HP: 37/41 MP: 10/14
  4395 | D:5      | Found an iron altar of Okawaru.
  4398 | D:5      | Noticed Pikel
  4439 | D:5      | Killed Pikel
  4440 | D:5      | Reached skill level 9 in Summonings
  4440 | D:5      | Reached XP level 8. HP: 14/46 MP: 2/15
  4680 | D:5      | Found a staircase to the Ecumenical Temple.
  4742 | D:5      | Reached *** piety under Hepliaklqana
  5026 | D:5      | Reached skill level 10 in Summonings
  5067 | D:5      | Found a hide-covered altar of Uskayaw.
  5069 | D:5      | Found a shimmering altar of Xom.
  5071 | D:5      | Found a shimmering blue altar of Sif Muna.
  5093 | D:5      | Reached skill level 1 in Fighting
  5760 | D:6      | Reached skill level 5 in Armour
  5884 | D:6      | Reached XP level 9. HP: 52/58 MP: 10/16
  5941 | D:6      | Reached **** piety under Hepliaklqana
  6568 | D:7      | Reached skill level 11 in Summonings
  6836 | D:7      | Reached skill level 5 in Fighting
  6836 | D:7      | Reached skill level 1 in Invocations
  7424 | D:8      | Found Asixol's Changing Room.
  7462 | D:8      | Noticed a two-headed ogre
  7480 | D:8      | Killed a two-headed ogre
  7481 | D:8      | Reached skill level 12 in Summonings
  7481 | D:8      | Reached XP level 10. HP: 21/66 MP: 1/17
  8367 | D:9      | Found a staircase to the Orcish Mines.
  8394 | D:9      | Reached skill level 1 in Shields
  8397 | D:9      | HP: 12/66 [orc warrior (3)]
  8399 | D:9      | Reached skill level 5 in Invocations
  8480 | D:9      | Reached ***** piety under Hepliaklqana
  8587 | D:9      | Found a flagged portal.
  8729 | Bailey   | Entered a bailey
  8854 | Bailey   | Reached skill level 13 in Summonings
  9153 | Bailey   | Noticed an orc knight
  9160 | Bailey   | Killed an orc knight
  9382 | Bailey   | Reached XP level 11. HP: 85/85 MP: 18/18
  9383 | Bailey   | Reached skill level 10 in Long Blades
  9383 | Bailey   | Reached XP level 12. HP: 91/91 MP: 19/19
  9388 | D:9      | Found the +7 Kryia's mail coat {PotionHeal*2 rC+}
 10139 | D:9      | Found a runed translucent door.
 10818 | D:9      | Noticed a catoblepas
 10824 | D:9      | Killed a catoblepas
 10843 | D:9      | Reached skill level 5 in Shields
 11014 | D:9      | Noticed a fire dragon
 11024 | D:9      | Killed a fire dragon
 11025 | D:9      | Gained mutation: You can hop long distances. [Barachi
                  | growth]
 11025 | D:9      | Reached XP level 13. HP: 54/97 MP: 8/20
 11230 | D:10     | Entered Level 10 of the Dungeon
 11284 | D:10     | Noticed Erolcha
 11291 | D:10     | Killed Erolcha
 11292 | D:10     | Reached skill level 14 in Summonings
 11316 | D:10     | Identified the +2 leather armour of Defiance {Will++ Str-5}
 11459 | D:10     | Found a staircase to the Lair.
 12152 | D:10     | Reached skill level 15 in Summonings
 12584 | Lair:1   | Entered Level 1 of the Lair of Beasts
 12828 | Lair:1   | Identified the +10 dagger of Icluell {speed, Will+ Dex+2}
 14057 | Lair:2   | Reached skill level 10 in Armour
 15161 | Lair:3   | Reached ****** piety under Hepliaklqana
 15530 | Lair:3   | Learned a level 6 spell: Summon Cactus Giant
 15566 | Lair:3   | Found a staircase to the Swamp.
 16571 | Lair:4   | Found a hole to the Spider Nest.
 16593 | Lair:4   | Reached XP level 14. HP: 106/106 MP: 24/24
 16969 | Lair:4   | Identified a scroll of acquirement
 16970 | Lair:4   | Acquired the ring "Moorah" {rPois rF+ AC+4}
 17596 | Lair:5   | Found a runed translucent door.
 17598 | Lair:5   | Noticed browni3141's ghost (journeyman MiBe)
 17600 | Lair:5   | Identified the +2 trident of Instinct {vorpal, *Rage rPois
                  | rC+ Dex+8}
 18607 | Lair:6   | Entered Level 6 of the Lair of Beasts
 18633 | Lair:6   | Reached skill level 16 in Summonings
 18673 | Lair:6   | Learned a level 5 spell: Summon Mana Viper
 18724 | Lair:6   | Reached skill level 1 in Hexes
 19235 | Lair:6   | Identified the amulet "Nohod" {Acrobat rF++ rN+ Will+
                  | Dex-3}
 20185 | Lair:6   | Found a staircase to the Slime Pits.
 20428 | Lair:6   | Reached XP level 15. HP: 109/114 MP: 14/25
 20548 | Lair:6   | Reached skill level 5 in Hexes
 20565 | Lair:6   | Reached skill level 15 in Fighting
 21029 | Lair:6   | Reached skill level 17 in Summonings
 21190 | Lair:6   | Found a corrupted altar of Lugonu.
 21435 | Lair:6   | Found a one-way gate to the infinite horrors of the Abyss.
 21445 | Lair:6   | Got the Reference Book on the Frostbite and Toxins
 22039 | Orc:1    | Entered Level 1 of the Orcish Mines
 22697 | Orc:2    | Entered Level 2 of the Orcish Mines
 22697 | Orc:2    | Noticed Saint Roka
 22697 | Orc:2    | Found a staircase to the Elven Halls.
 23004 | Orc:2    | Reached skill level 18 in Summonings
 23354 | Orc:2    | Reached skill level 19 in Summonings
 23354 | Orc:2    | Found Ottiaq's Antique Armour Shoppe.
 23354 | Orc:2    | Found Xifaeruy's Jewellery Boutique.
 23382 | Orc:2    | HP: 23/116 [Saint Roka/divine providence (15)]
 24599 | Orc:2    | Killed Saint Roka
 24897 | Orc:2    | Found Iqisips's Magic Scroll Boutique.
 24897 | Orc:2    | Found Zemu Otaumo's General Store.
 25237 | Orc:2    | Reached skill level 20 in Summonings
 25241 | Orc:2    | Reached XP level 16. HP: 113/122 MP: 19/26
 25377 | Orc:2    | Found a runed translucent gate.
 25377 | Orc:2    | Found a runed translucent gate.
 25378 | Orc:2    | Found a runed translucent gate.
 25381 | Orc:2    | Noticed Forgeling's ghost (journeyman MiAK)
 25555 | Orc:2    | Bought a runed cloak for 270 gold pieces
 25575 | Orc:2    | Learned a level 5 spell: Summon Forest
 25768 | D:11     | Noticed Fannar
 25778 | D:11     | Killed Fannar
 25875 | D:11     | Reached skill level 1 in Translocations
 26185 | D:11     | Found a transporter.
 26189 | D:11     | Found a transporter.
 26190 | D:11     | Noticed ju1c3's ghost (journeyman DrCj)
 26386 | D:12     | Noticed Acetwo5's ghost (journeyman MiFi)
 26498 | D:12     | Found a runed translucent gate.
 26499 | D:12     | Found a runed translucent gate.
 26500 | D:12     | Found a runed translucent gate.
 27177 | D:12     | Noticed a caustic shrike
 27177 | D:12     | an iron troll changed into a caustic shrike
 27239 | D:12     | Noticed a golden dragon
 27337 | D:8      | Bought the +11 plutonium sword {Contam Stlth-} for 1600
                  | gold pieces
 27337 | D:8      | Found the +11 plutonium sword {Contam Stlth-}
 27431 | D:13     | Noticed Frances
 27431 | D:13     | Found Pemilina's Distillery.
 27440 | D:12     | Killed Frances
 27474 | D:13     | Found a gate leading to a gauntlet.
 27476 | D:13     | Found a gate to the Vaults.
 27487 | D:13     | HP: 20/122 [something (8)]
 27488 | Gauntlet | Entered a Gauntlet
 27488 | Gauntlet | Found a transporter.
 27724 | Gauntlet | Found a transporter.
 27840 | Gauntlet | Found a transporter.
 27844 | Gauntlet | Found a transporter.
 27860 | Gauntlet | Found a transporter.
 27874 | Gauntlet | Found a transporter.
 27887 | Gauntlet | Found a transporter.
 27904 | Gauntlet | Found a transporter.
 27908 | Gauntlet | Found a transporter.
 27916 | Gauntlet | Found a transporter.
 27937 | Gauntlet | Found a transporter.
 27938 | Gauntlet | Found a transporter.
 28053 | Gauntlet | Identified the +1 pair of gloves "Jiduet" {MP-9 Str+4
                  | Dex+4}
 28181 | Gauntlet | Identified the +5 war axe of Objectivity {venom, rPois
                  | Dex+3}
 28192 | Gauntlet | HP: 17/122 [minotaur (14)]
 28514 | D:13     | Reached skill level 5 in Dodging
 28812 | D:13     | HP: 24/122 [centaur warrior/arrow (8)]
 28817 | D:13     | HP: 21/122 [slime creature (5)]
 28818 | D:13     | HP: 8/122 [slime creature (13)]
 29657 | D:13     | Bought a potion of heal wounds for 75 gold pieces
 30137 | D:14     | Found an opulent altar of Gozag.
 30704 | D:14     | Reached skill level 5 in Translocations
 30708 | D:14     | Noticed Kirke
 30717 | D:14     | Killed Kirke
 30932 | D:14     | Found a shadowy altar of Dithmenos.
 31220 | D:15     | Entered Level 15 of the Dungeon
 32003 | D:15     | Reached skill level 21 in Summonings
 32368 | D:15     | Reached XP level 17. HP: 87/127 MP: 14/27
 32592 | D:15     | Found a staircase to the Depths.
 32898 | Spider:1 | Entered Level 1 of the Spider Nest
 32989 | Spider:1 | Found a frozen archway.
 32998 | Spider:1 | Reached skill level 15 in Long Blades
 33088 | IceCv    | Entered an ice cave
 34285 | IceCv    | Identified the +1 helmet "Rorghaor" {rC+ Int+6}
 34445 | IceCv    | Reached skill level 22 in Summonings
 37248 | Spider:2 | HP: 14/129 [wolf spider[a broodmother] (15)]
 37796 | Spider:2 | Noticed Arachne
 37815 | Spider:2 | HP: 26/130 [poisoned by Arachne (poison arrow)]
 37825 | Spider:2 | HP: 23/130 [Arachne (5)]
 37826 | Spider:2 | Killed Arachne
 37827 | Spider:2 | Reached XP level 18. HP: 24/137 MP: 12/28
 38656 | Spider:3 | Reached skill level 23 in Summonings
 39118 | Spider:3 | Found a transporter.
 39121 | Spider:3 | Noticed Cumep's ghost (adept DsMo)
 39174 | Spider:3 | Found a transporter.
 39176 | Spider:3 | Found the +10 tower shield of Ignorance {rN+ Int-4}
 39525 | Spider:3 | Identified the +6 long sword "Hellblazer" {antimagic, Drain
                  | *Slow rC+++ Int+4}
 40378 | Orc:2    | Bought a potion of curing for 39 gold pieces
 40379 | Orc:2    | Bought a scroll of teleportation for 54 gold pieces
 40379 | Orc:2    | Bought a scroll of teleportation for 54 gold pieces
 40379 | Orc:2    | Bought a scroll of enchant armour for 135 gold pieces
 40491 | D:13     | Bought a potion of curing for 45 gold pieces
 40505 | D:13     | Gained mutation: You are partially covered in iridescent
                  | scales. (AC +2) [mutagenic glow]
 40654 | Swamp:1  | Entered Level 1 of the Swamp
 41864 | Swamp:2  | Noticed Aizul
 41887 | Swamp:2  | Killed Aizul
 42240 | Swamp:2  | Reached skill level 1 in Evocations
 43169 | Swamp:3  | Noticed Nikola
 43183 | Swamp:3  | Killed Nikola
 43204 | Swamp:3  | Noticed Bai Suzhen
 43388 | Swamp:3  | Killed Bai Suzhen
 44290 | Elf:1    | Entered Level 1 of the Elven Halls
 44290 | Elf:1    | Found a runed translucent gate.
 44290 | Elf:1    | Found a runed translucent gate.
 44290 | Elf:1    | Found a runed translucent gate.
 44339 | Elf:1    | Reached skill level 24 in Summonings
 44402 | Elf:1    | Noticed an Ice Fiend
 44412 | Elf:1    | Noticed a Brimstone Fiend
 44762 | Elf:1    | Got Pibin's Handbook of Attacks
 44918 | Elf:1    | Noticed Qiokh's ghost (veteran MiBe)
 45114 | Elf:1    | Found Beaxiz's Weapon Shoppe.
 45195 | Elf:1    | Paralysed by an air elemental for 1 turns
 45623 | Elf:1    | Reached skill level 5 in Evocations
 46059 | Elf:2    | Paralysed by an air elemental for 1 turns
 46414 | Elf:2    | Reached XP level 19. HP: 128/144 MP: 18/29
 47035 | Elf:2    | Found a huge runed translucent gate.
 47035 | Elf:2    | Found a huge runed translucent gate.
 47035 | Elf:2    | Found a huge runed translucent gate.
 47035 | Elf:2    | Found a huge runed translucent gate.
 47035 | Elf:2    | Found a huge runed translucent gate.
 47251 | Swamp:4  | Entered Level 4 of the Swamp
 48001 | Swamp:4  | Noticed Louise
 48012 | Swamp:4  | Killed Louise
 48074 | Swamp:4  | Got a decaying rune of Zot
 48447 | Spider:4 | Entered Level 4 of the Spider Nest
 48467 | Spider:4 | Reached skill level 25 in Summonings
 50928 | Spider:4 | Got a gossamer rune of Zot
 51226 | Vaults:1 | Entered Level 1 of the Vaults
 51490 | Vaults:1 | Reached XP level 20. HP: 154/154 MP: 23/30
 52675 | Vaults:2 | Reached skill level 26 in Summonings
 52819 | Vaults:2 | HP: 26/154 [yaktaur/bolt[a yaktaur captain] (18)]
 53735 | Vaults:2 | Found a staircase to the Crypt.
 53735 | Vaults:2 | Found an ancient bone altar of Kikubaaqudgha.
 53735 | Vaults:2 | Found a basalt altar of Yredelemnul.
 54167 | Vaults:2 | Found a huge runed gate.
 54167 | Vaults:2 | Found a huge runed gate.
 54167 | Vaults:2 | Found a huge runed gate.
 54167 | Vaults:2 | Found a huge runed gate.
 54183 | Vaults:2 | Found a huge runed gate.
 54183 | Vaults:2 | Found a huge runed gate.
 54185 | Vaults:2 | Found a huge runed gate.
 54185 | Vaults:2 | Found a huge runed gate.
 54185 | Vaults:2 | Found a huge runed gate.
 54224 | Vaults:2 | Found a huge runed gate.
 54224 | Vaults:2 | Found a huge runed gate.
 54224 | Vaults:2 | Found a huge runed gate.
 54224 | Vaults:2 | Found a huge runed gate.
 54224 | Vaults:2 | Found a huge runed gate.
 54224 | Vaults:2 | Found a huge runed gate.
 54224 | Vaults:2 | Found a huge runed gate.
 54225 | Vaults:2 | Found a huge runed gate.
 54226 | Vaults:2 | Found a huge runed gate.
 54235 | Vaults:2 | Found a huge runed gate.
 54235 | Vaults:2 | Found a huge runed gate.
 54235 | Vaults:2 | Found a huge runed gate.
 54235 | Vaults:2 | Found a huge runed gate.
 54235 | Vaults:2 | Found a huge runed gate.
 54235 | Vaults:2 | Found a huge runed gate.
 54235 | Vaults:2 | Found a huge runed gate.
 54236 | Vaults:2 | Found a huge runed gate.
 54237 | Vaults:2 | Found a huge runed gate.
 54575 | Vaults:2 | Found a huge runed gate.
 54575 | Vaults:2 | Found a huge runed gate.
 54575 | Vaults:2 | Found a huge runed gate.
 54575 | Vaults:2 | Found a huge runed gate.
 54575 | Vaults:2 | Found a huge runed gate.
 54575 | Vaults:2 | Found a huge runed gate.
 54575 | Vaults:2 | Found a huge runed gate.
 54576 | Vaults:2 | Found a huge runed gate.
 54577 | Vaults:2 | Found a huge runed gate.
 54965 | Vaults:2 | Found a runed translucent gate.
 54965 | Vaults:2 | Found a runed translucent gate.
 54965 | Vaults:2 | Found a runed translucent gate.
 54965 | Vaults:2 | Noticed foobar1000's ghost (veteran SpHu)
 56490 | Vaults:3 | Paralysed by a floating eye for 4 turns
 56497 | Vaults:3 | Reached XP level 21. HP: 163/163 MP: 6/31
 56512 | Vaults:3 | Reached skill level 27 in Summonings
 56529 | Vaults:3 | HP: 18/163 [war gargoyle/spray of metal splinters (54)]
 56534 | Vaults:3 | HP: 18/163 [phantasmal warrior (12)]
 56534 | Vaults:3 | HP: 6/163 [deep troll (glowing shapeshifter) (12)]
 57063 | Vaults:3 | Found Witzodwo's Armour Shoppe.
 57436 | Vaults:3 | Identified the +0 robe of Zewur {+Blink rPois Dex+6 Slay+2}
 57472 | Vaults:3 | Found the +7 mace of Variability {chain chaos}
 58127 | Vaults:4 | Noticed Frederick
 58138 | Vaults:4 | Killed Frederick
 58568 | Vaults:4 | Reached skill level 10 in Evocations
 58717 | Vaults:4 | HP: 31/164 [ironbound frostheart (16)]
 59237 | Vaults:4 | Found a portal to a secret trove of treasure.
 60646 | Vaults:4 | You paid a toll of 6 scrolls of fear to enter a treasure
                  | trove
 60647 | Trove    | Entered a treasure trove
 60838 | Crypt:1  | Entered Level 1 of the Crypt
 61409 | Crypt:1  | HP: 31/163 [phantasmal warrior (5)]
 61852 | Crypt:1  | HP: 26/155 [phantasmal warrior (14)]
 61853 | Crypt:1  | HP: 5/155 [ancient champion/iron shot (22)]
 61856 | Crypt:1  | Mangled by a vampire knight

Illustrated notes

Levels and vault maps discovered:
D:1:      eino_arrival_water_star, layout_basic, ebering_ecumenical_altar_webs,
          minmay_3d_cube
D:2:      layout_basic, basic_altar
D:3:      layout_rooms
D:4:      layout_basic, serial_shops, nicolae_stop_n_shop_2
D:5:      layout_basic, okawaru_metal_pillars_1_2,
          chequers_temple_overflow_statue_of_worship,
          minmay_temple_entry_poolview, uniq_pikel
D:6:      layout_basic, nicolae_underground_beach
D:7:      layout_basic, minmay_holes
D:8:      layout_rooms, nicolae_transmutations_shop, worms_lemuel
D:9:      layout_basic, david_orc_5, enter_bailey_2, minivault_13
D:10:     layout_cave_pods, minmay_lair_entry_grove, uniq_erolcha
D:11:     layout_irregular_city, gammafunk_ghost_arena,
          chequers_serial_rivers_micro_a, uniq_fannar
D:12:     layout_basic, gammafunk_ghost_split
D:13:     hangedman_cross_stitches, layout_rooms, david_vaults_2,
          gauntlet_entry_generic, kennysheep_windowed_goal, uniq_frances
D:14:     layout_basic, grunt_gozag_breadcrumbs,
          nicolae_dithmenos_shadow_blocks, uniq_kirke
D:15:     gammafunk_enter_depths_forms, layout_basic
Lair:1:   layout_regular_city, fungi_pond_lemuel, minivault_25,
          grunt_megastairs_5
Lair:2:   layout_small_grid, special_room [special_room_bee], grunt_megastairs_3
Lair:3:   layout_gridlike, nicolae_swamp_entry_splash_gauntlet,
          chequers_serial_rivers_large_b, grunt_forest_small_clearings
Lair:4:   layout_big_grid, nicolae_spider_entry_orb_guardian
Lair:5:   layout_big_grid, ebering_ghost_funeral_grove,
          infiniplex_staircase_pool_2, grunt_megastairs_1
Lair:6:   hellmonk_lair_end_abyssal_woods, layout_regular_city,
          minmay_slime_entry_pillars, lemuel_fruit_tree, wad_woods_river_01
Swamp:1:  layout_basic_swamp, nicolae_swamp_treefoil
Swamp:2:  layout_basic_swamp, wheals_swamp_sinkhole, uniq_aizul
Swamp:3:  nicolae_swamp_wrong_neighborhood, layout_basic_swamp,
          evilmike_swamp_ruin_house_1, uniq_nikola, uniq_bai_suzhen
Swamp:4:  swamp_alternative, layout_basic_swamp, swamp_pool1, uniq_louise
Spider:1: layout_chambers, portal_ice_cave_entry_pillars_2,
          hangedman_spider_tarantella_strand
Spider:2: layout_spider_delve, guppyfry_hornet_nest, uniq_arachne
Spider:3: layout_cave_pods, gammafunk_ghost_mausoleum
Spider:4: grunt_spider_rune_circles, drop_trap, hellmonk_test_site
Orc:1:    layout_caves, basic_altar
Orc:2:    st_orc_ogre_mass, layout_caves, gammafunk_ghost_necromancy,
          mines2_david, uniq_saint_roka
Elf:1:    layout_gridlike, ebering_ghost_rock_garden, serial_shops,
          nicolae_take_the_stairs, hangedman_elf_represent
Elf:2:    elven_hall_of_blades_hangedman_alternative [nicolae_blade_bullseye],
          layout_loops_cross, roderic_roman_lattice
Vaults:1: hangedman_vaults_trim, vaults_room_corners, grunt_vaults_funnel,
          v_rooms_2, nicolae_vaults_shelves_hall, nicolae_vaults_circle_grid_a,
          layout_vaults_omnigrid
Vaults:2: gammafunk_ghost_spectres, grunt_vaults_swirl, grunt_vaults_bifocal,
          minmay_crypt_entry_necro_gods, ontoclasm_vaults_ring_small, v_misc_3,
          grunt_vaults_hallway_short, v_misc_13, nicolae_vaults_little_ls,
          v_pattern_5, not_door_vault_due, nicolae_vaults_ninety_degrees,
          ontoclasm_vaults_shuriken, layout_vaults_maze, serial_shops
Vaults:3: v_misc_19, hangedman_vaults_locks, vaults_room_fours,
          grunt_vaults_diagonal, st_greater_box_5,
          hangedman_vaults_stretched_pinwheel, ontoclasm_vaults_bender,
          nicolae_vaults_theta, nicolae_vaults_mini_display_case, v_pattern_3,
          v_misc_24, ontoclasm_vaults_gateway, grunt_vaults_focal, v_misc_22,
          nicolae_vaults_little_squares_4, layout_vaults_big_cross,
          serial_shops, nicolae_shop_temple_entry_statues_fountains
Vaults:4: v_misc_33, v_misc_9, ontoclasm_vaults_eye,
          hangedman_vaults_restitches, vaults_mumra_lcd,
          grunt_vaults_hallway_short, vaults_mumra_chevron,
          ontoclasm_vaults_hangar, nicolae_vaults_border_crossing,
          ontoclasm_vaults_tryst, nicolae_vaults_little_squares_2,
          layout_vaults_big_room, enter_trove_3, uniq_frederick
Crypt:1:  layout_gridlike, nicolae_crypt_crumbling_hall

Skill      XL: |  1  2  3  4  5  6  7  8  9 10 11 12 13 14 15 16 17 18 19 20 21 |
---------------+----------------------------------------------------------------+-----
Summonings     | 5 6 7 9 10 12 13 15 16 20 21 22 24 25 26 27 | 27.0
Spellcasting   | 3 4 5 6 7 |  7.0
Armour         | 1 2 3 5 7 8 10 11 | 11.0
Air Magic      | 1 3 4 |  4.0
Fighting       | 3 5 12 13 14 15 16 17 18 19 20 | 20.0
Invocations    | 4 5 |  5.0
Shields        | 3 5 |  5.0
Long Blades    | 10 11 13 14 16 17 18 19 21 | 21.6
Hexes          | 4 5 6 |  6.0
Dodging        | 7 |  7.0
Translocations | 6 |  6.0
Evocations     | 5 8 13 | 13.0
Stealth        | |  1.7

Action                   |  1- 3 |  4- 6 |  7- 9 | 10-12 | 13-15 | 16-18 | 19-21 || total
-------------------------+-------+-------+-------+-------+-------+-------+-------++-------
Melee: Spear             |    67 |    91 |   138 |    82 |       |       |       ||   378
       Punch             |       |     1 |     2 |       |       |     5 |     3 ||    11
       Scimitar          |       |       |       |    54 |    92 |   334 |   102 ||   582
       Dagger            |       |       |       |       |   856 |   103 |       ||   959
       Triple sword      |       |       |       |       |       |   669 |   703 ||  1372
Throw: Dart              |       |       |     4 |     2 |    42 |   227 |    79 ||   354
 Cast: Summon Small Mamm |    24 |    16 |     9 |     1 |     6 |       |       ||    56
       Call Imp          |     7 |    15 |    11 |     6 |    17 |     3 |       ||    59
       Call Canine Famil |       |     7 |    19 |    11 |    67 |    51 |    38 ||   193
       Summon Lightning  |       |       |     3 |    26 |    77 |    47 |    39 ||   192
       Summon Guardian G |       |       |     2 |     1 |     3 |       |     1 ||     7
       Summon Cactus Gia |       |       |       |       |    37 |    85 |    60 ||   182
       Summon Mana Viper |       |       |       |       |     8 |    51 |    50 ||   109
       Summon Forest     |       |       |       |       |       |     6 |    27 ||    33
Invok: Ancestor Identity |     1 |       |       |       |       |       |       ||     1
       Ancestor Life: He |       |     1 |       |       |       |       |       ||     1
       Recall Ancestor   |       |     1 |       |     3 |     3 |     4 |     6 ||    17
 Abil: Hop               |       |       |       |       |     2 |     2 |     3 ||     7
Evoke: Wand              |       |       |     2 |    10 |    24 |     2 |    15 ||    53
       Lightning rod     |       |       |       |       |     7 |     3 |    11 ||    21
       Tin of tremorston |       |       |       |       |       |     2 |     2 ||     4
       Box of beasts     |       |       |       |       |       |       |     1 ||     1
       Phial of floods   |       |       |       |       |       |       |     1 ||     1
       Condenser vane    |       |       |       |       |       |       |     1 ||     1
  Use: Scroll            |     6 |     2 |     5 |     5 |    13 |     8 |     4 ||    43
       Potion            |       |       |       |     2 |       |     4 |     4 ||    10
 Stab: Sleeping          |     4 |       |     1 |     2 |       |       |       ||     7
       Confused          |       |       |     5 |     1 |    11 |     8 |    22 ||    47
       Distracted        |       |       |     1 |     4 |    23 |    13 |    11 ||    52
       Paralysed         |       |       |       |       |     8 |    50 |    40 ||    98
Armor: Robe              |    14 |     1 |       |       |       |       |       ||    15
       Ring mail         |       |     8 |    40 |    20 |       |       |       ||    68
       Scale mail        |       |       |       |    65 |   414 |   859 |   546 ||  1884
Dodge: Dodged            |    38 |    32 |    61 |    71 |   331 |   990 |   539 ||  2062
Block: Buckler           |       |       |       |    25 |   188 |    10 |       ||   223
